 Dungeon Crawl Stone Soup version 0.28-a0-1415-g7c84da036a (webtiles) character file.

Game seed: 9956170840556031953

488694 vineage the Slayer (level 23, -4/236 HPs)
             Began as a Minotaur Gladiator on Jan 7, 2022.
             Was a High Priest of Okawaru.
             Drowned by a quicksilver ooze (6 damage)
             ... created by the Royal Jelly
             ... while paralysed by a floating eye
             ... on level 5 of the Pits of Slime.
             The game lasted 01:50:05 (52070 turns).

vineage the Slayer (Minotaur Gladiator)            Turns: 52070, Time: 01:50:05

Health: -4/236     AC: 51    Str: 27    XL:     23   Next: 54%
Magic:  29/29      EV:  2    Int:  3    God:    Okawaru [*****.]
Gold:   3453       SH:  0    Dex: 23    Spells: 22/22 levels left

rFire   + + +      SeeInvis +   B - +3 morningstar of Res Nullius {holy, rPois rF++ Will+ Dex-4}
rCold   + . .      Faith    .   H - +3 tower shield
rNeg    . . .      Spirit   .   O - +14 crystal plate armour of the Demon Prince {rF+ Slay+2}
rPois   +          Reflect  .   P - +0 mask of the Dragon {Will+ Slay+3 SInv}
rElec   +          Harm     .   o - +0 cloak
rCorr   +          Rampage  +   R - +3 pair of gloves of Dramatic Exits {Drain rElec Will+ Dex+6}
Will    ++++.                   p - +1 pair of boots {rampage}
Stlth   ..........              e - amulet "Keloggek" {RegenMP Rampage Fragile rPois rCorr}
HPRegen 1.29/turn               a - ring of protection from cold
MPRegen 0.61/turn               L - +6 ring of strength

@: paralysed, heroic, finesse-ful, engulfed (cannot breathe), corroded, studying
5 skills, unable to read
A: horns 2, retaliatory headbutt, agile 1, dopey 1, regeneration 1, screaming 2,
weak 1, inability to read while threatened, MP-powered wands
}: 3/15 runes: serpentine, silver, gossamer
a: Renounce Religion, Heroism, Finesse, Duel


You were on level 5 of the Pits of Slime.
You worshipped Okawaru.
Okawaru was extremely pleased with you.
You visited 9 branches of the dungeon, and saw 45 of its levels.
You also visited: Ice Cave.

You collected 4981 gold pieces.
You spent 1528 gold pieces at shops.

Inventory:

Hand Weapons
 B - the +3 morningstar of Res Nullius (weapon) {holy, rPois rF++ Will+ Dex-4}
   (You took it off a deep elf high priest on level 3 of the Elven Halls)

   It has been blessed by the Shining One to cause great damage to the undead
   and demons.
   Dex:       It affects your dexterity (-4).
   rF:        It greatly protects you from fire.
   rPois:     It protects you from poison.
   Will:      It increases your willpower.
 K - a +2 vorpal morningstar
Armour
 o - a +0 cloak (worn)
 p - a +1 pair of boots of rampaging (worn)
 x - the +4 pair of gloves of Exclusion {-Tele +Inv rC+++ Str-2}
   (Okawaru gifted it to you on level 2 of the Spider Nest)

   Str:       It affects your strength (-2).
   rC:        It renders you almost immune to cold.
   +Inv:      It lets you turn invisible.
   -Tele:     It prevents most forms of teleportation.
 A - the +10 plate armour of Bad Feelings {rElec rPois rC++}
   (You found it on level 5 of the Vaults)

   rC:        It greatly protects you from cold.
   rElec:     It insulates you from electricity.
   rPois:     It protects you from poison.
 H - a +3 tower shield (worn)
 O - the +14 crystal plate armour of the Demon Prince (worn) {rF+ Slay+2}
   (Okawaru gifted it to you on level 4 of the Snake Pit)

   Slay:      It affects your accuracy & damage with ranged weapons and melee
   (+2).
   rF:        It protects you from fire.
 P - the +0 mask of the Dragon (worn) {Will+ Slay+3 SInv}
   (Okawaru gifted it to you on level 5 of the Lair of Beasts)

   Slay:      It affects your accuracy & damage with ranged weapons and melee
   (+3).
   SInv:      It lets you see invisible.
   Will:      It increases your willpower.
 R - the +3 pair of gloves of Dramatic Exits (worn) {Drain rElec Will+ Dex+6}
   (Okawaru gifted it to you on level 1 of the Vaults)

   Dex:       It affects your dexterity (+6).
   rElec:     It insulates you from electricity.
   Drain:     It drains your maximum health when unequipped.
   Will:      It increases your willpower.
Jewellery
 a - a ring of protection from cold (left hand)
 d - a +4 ring of evasion
 e - the amulet "Keloggek" (around neck) {RegenMP Rampage Fragile rPois rCorr}
   (You acquired it on level 2 of the Dungeon)

   [amulet of magic regeneration]

   It increases your rate of magic regeneration.
   rPois:     It protects you from poison.
   rCorr:     It protects you from acid and corrosion.
   Fragile:   It will be destroyed if unequipped.
   Rampage:   It bestows one free step when moving towards enemies.
 u - a ring of protection from fire
 y - an amulet of reflection
 D - a +4 ring of slaying
 J - a +4 ring of evasion
 L - a +6 ring of strength (right hand)
 U - a ring of protection from cold
 W - the ring "Wofovvar" {rElec Int+4 Slay+2 SInv}
   (You took it off a deep elf high priest on level 3 of the Elven Halls)

   [ring of see invisible]

   Int:       It affects your intelligence (+4).
   Slay:      It affects your accuracy & damage with ranged weapons and melee
   (+2).
   rElec:     It insulates you from electricity.
   SInv:      It lets you see invisible.
Wands
 f - a wand of paralysis (5)
 m - a wand of digging (20)
Scrolls
 b - 4 scrolls of holy word
 c - 5 scrolls of amnesia
 g - 6 scrolls of immolation
 i - 5 scrolls of fog
 n - 9 scrolls of fear
 z - 20 scrolls of teleportation
 E - 6 scrolls of enchant weapon
 F - 19 scrolls of identify
 I - 6 scrolls of blinking
 M - 3 scrolls of silence
 N - 8 scrolls of magic mapping
 X - a scroll of enchant armour
 Z - 2 scrolls of brand weapon
Potions
 h - 3 potions of invisibility
 j - 2 potions of resistance
 k - a potion of cancellation
 l - 18 potions of curing
 q - 13 potions of mutation
 r - 3 potions of magic
 t - 5 potions of attraction
 v - 7 potions of brilliance
 w - 9 potions of haste
 C - 2 potions of flight
 G - 13 potions of lignification
 Q - a potion of might
 S - 4 potions of heal wounds
 V - a potion of berserk rage
 Y - 2 potions of ambrosia
Miscellaneous
 s - a tin of tremorstones (2/2)
 T - a piece from Xom's chessboard (15/15)


   Skills:
 - Level 25.9(27) Fighting
 - Level 25.4(27) Maces & Flails
 - Level 2.0(7.0) Throwing
 - Level 22.1(27) Armour
 + Level 15.1(20.1) Dodging
 + Level 3.3(8.3) Stealth
 - Level 21.8(26.8) Shields
 + Level 9.6 Invocations
 + Level 3.4 Evocations


You had 22 spell levels left.
You didn't know any spells.
Your spell library contained the following spells:

 Spells                   Type           Power      Damage    Failure   Level
 Apportation              Tloc           0%         N/A       98%         1
 Pain                     Necr           0%         1d4       98%         1
 Sandblast                Erth           0%         2d4       98%         1
 Shock                    Conj/Air       0%         1d3       98%         1
 Slow                     Hex            0%         N/A       98%         1
 Blink                    Tloc           0%         N/A       99%         2
 Corpse Rot               Necr/Air       0%         N/A       99%         2
 Ensorcelled Hibernation  Hex/Ice        0%         N/A       99%         2
 Passwall                 Tmut/Erth      0%         N/A       99%         2
 Poisonous Vapours        Pois/Air       0%         N/A       99%         2
 Scorch                   Fire           0%         2d5       99%         2
 Static Discharge         Conj/Air       0%         N/A       99%         2
 Confusing Touch          Hex            0%         N/A       100%        3
 Dazzling Flash           Conj/Hex       0%         N/A       100%        3
 Gell's Gravitas          Tloc           0%         N/A       100%        3
 Inner Flame              Hex/Fire       0%         N/A       100%        3
 Lesser Beckoning         Tloc           0%         N/A       100%        3
 Mephitic Cloud           Conj/Pois/Air  0%         N/A       100%        3
 Ozocubu's Armour         Ice            0%         N/A       100%        3
 Portal Projectile        Hex/Tloc       0%         N/A       100%        3
 Spider Form              Tmut/Pois      0%         N/A       100%        3
 Stone Arrow              Conj/Erth      0%         3d7       100%        3
 Swiftness                Air            0%         N/A       100%        3
 Teleport Other           Tloc           0%         N/A       100%        3
 Vampiric Draining        Necr           0%         2d6       100%        3
 Airstrike                Air            0%         N/A       100%        4
 Cause Fear               Hex            0%         N/A       100%        4
 Dispel Undead            Necr           0%         3d6       100%        4
 Flame Wave               Conj/Fire      0%         2d4       100%        4
 Hailstorm                Conj/Ice       0%         3d3       100%        4
 Ice Form                 Ice/Tmut       0%         N/A       100%        4
 Leda's Liquefaction      Hex/Erth       0%         N/A       100%        4
 Passage of Golubria      Tloc           0%         N/A       100%        4
 Sticky Flame             Conj/Fire      0%         2d3       100%        4
 Agony                    Necr           0%         N/A       100%        5
 Alistair's Intoxication  Tmut/Pois      0%         N/A       100%        5
 Blade Hands              Tmut           0%         N/A       100%        5
 Borgnjor's Vile Clutch   Necr/Erth      0%         N/A       100%        5
 Excruciating Wounds      Necr           0%         N/A       100%        5
 Lee's Rapid Deconstruct  Erth           0%         3d5*      100%        5
 Lightning Bolt           Conj/Air       0%         1d11      100%        5
 Manifold Assault         Tloc           0%         N/A       100%        5
 Metabolic Englaciation   Hex/Ice        0%         N/A       100%        5
 Silence                  Hex/Air        0%         N/A       100%        5
 Yara's Violent Unravell  Hex/Tmut       0%         3d3       100%        5
 Dispersal                Tloc           0%         N/A       100%        6
 Statue Form              Tmut/Erth      0%         N/A       100%        6
 Enfeeble                 Hex            0%         N/A       100%        7
 Borgnjor's Revivificati  Necr           0%         N/A       100%        8
 Discord                  Hex            0%         N/A       100%        8
 Maxwell's Capacitive Co  Air            0%         ∞         100%        8
 Necromutation            Tmut/Necr      0%         N/A       100%        8
 Death's Door             Necr           0%         N/A       100%        9
 Tukima's Dance           Hex            Unusable   N/A       N/A         3
 Animate Dead             Necr           Unusable   N/A       N/A         4
 Death Channel            Necr           Unusable   N/A       N/A         6
 Simulacrum               Ice/Necr       Unusable   N/A       N/A         6
 Summon Cactus Giant      Summ           Unusable   N/A       N/A         6

Dungeon Overview and Level Annotations

Branches:
Dungeon (15/15)            Temple (1/1) D:4            Lair (6/6) D:10
  Snake (4/4) Lair:4       Spider (4/4) Lair:4        Slime (5/5) Lair:6
    Orc (2/2) D:9             Elf (3/3) Orc:2        Vaults (5/5) D:14
  Crypt (0/3) Vaults:2     Depths (0/4) D:15          IceCv (visited)

Altars:
Ashenzari
Cheibriados
Elyvilon
Fedhas
Gozag
Makhleb
Okawaru
Ru
Trog
Vehumet
Xom
Beogh
Jiyva

Shops:
D:3 :   D:14 *   Orc:2 (:*[(   Elf:2 ?   Elf:3 [   Snake:3 ::=   Vaults:1 !
Vaults:2 [   Vaults:5 !?

Annotations:
Slime:5 Royal Jelly


Innate Abilities, Weirdness & Mutations

You have a pair of horns on your head.
You reflexively headbutt those who attack you in melee.
You are agile. (Dex +2)
You are dopey. (Int -2)
Your natural rate of healing is unusually fast.
You frequently scream uncontrollably at your foes.
You are weak. (Str -2)
You sometimes lose the ability to read scrolls when taking damage.
You expend magic power (3 MP) to strengthen your wands.


Message History

The acid blob spits acid at you.
The splash of acid hits you but does no damage.
The acid blob hits you!
You are splashed with acid.
You resist.
The acid blob jiggles.
The rockslime hits you!
You hold your ground!
The rockslime hits you but does no damage.
The quicksilver ooze barely misses you.
The quicksilver ooze hits you but does no damage.
The rockslime hits you!
You hold your ground!
The acid blob hits you.
You are splashed with acid.
You resist. The quicksilver ooze hits you. The quicksilver ooze engulfs you!
The quicksilver ooze hits you but does no damage.
The rockslime hits you but does no damage.
The rockslime hits you!!
You hold your ground!
The rockslime hits you but does no damage.
The rockslime hits you!!
You hold your ground!
The acid blob hits you!
You are splashed with acid.
You resist. The floating eye seems to glare at you.
Your lungs strain for air!
The quicksilver ooze hits you.
The quicksilver ooze hits you but does no damage.
The rockslime hits you but does no damage. x2
The rockslime hits you!
* * * LOW HITPOINT WARNING * * *
You hold your ground!
The rockslime hits you but does no damage.
The rockslime hits you!
* * * LOW HITPOINT WARNING * * *
You hold your ground!
The acid blob hits you!!
* * * LOW HITPOINT WARNING * * *
The acid corrodes you!
You are splashed with acid.
You resist.
* * * LOW HITPOINT WARNING * * *
The quicksilver ooze hits you.
The quicksilver ooze hits you but does no damage.
The glowing orange brain pulsates.
Something tries to feed on your intellect!
The rockslime hits you!!
* * * LOW HITPOINT WARNING * * *
You hold your ground!
You die...

..................
..................
..................
..................
.........G........
.........GGJ......
.........JJJJJ....
.........JJJJJ....
##......JJ@JJJ....
#.##....JJJJ.....
## ##.....#....##
##...#...###
#####..## ###


You could see the Royal Jelly, 6 acid blobs, an azure jelly (summoned), a great
orb of eyes (summoned), a slime creature, 7 rockslimes, a glowing orange brain,
4 quicksilver oozes and a floating eye (summoned, charged).

Vanquished Creatures
  An ancient lich (Vaults:4)
  A golden dragon (Vaults:5)
  Rupert (D:15)
  Mlioglotl (Snake:3)
  5 deep elf blademasters
  A lich (Vaults:5)
  2 quicksilver dragons (Vaults:5)
  Asterion (Vaults:1)
  4 titans (Vaults:5)
  2 deep elf master archers (Elf:3)
  5 acid blobs
  6 sphinxes
  5 tengu reavers
  Kirke (D:13)
  A storm dragon (Vaults:5)
  2 shadow dragons (Vaults:5)
  2 nagarajas (Snake:4)
  4 azure jellies
  4 rockslimes
  An iron dragon (Vaults:4)
  3 frost giants
  26 vault wardens
  4 deep elf sorcerers (Elf:3)
  An orc warlord (Vaults:4)
  4 ghost moths (Spider:4)
  10 emperor scorpions
  7 deep elf elementalists (Elf:3)
  Aizul (Elf:3)
  10 ironbound thunderhulks
  2 war gargoyles
  2 quicksilver oozes
  25 very ugly things
  15 ironbound preservers
  6 broodmothers
  8 stone giants
  3 deep elf demonologists
  6 entropy weavers
  7 deep elf annihilators
  Nessos (Lair:6)
  5 spark wasps
  4 ettins
  Snorg (Lair:5)
  The ghost of p0werm0de the Fighter, a journeyman DsCK of Xom (D:11)
  7 deep elf death magi
  2 crystal guardians (Vaults:4)
  7 deep elf high priests
  14 yaktaur captains
  An ice dragon (shapeshifter) (Vaults:5)
  A boulder beetle (shapeshifter) (Vaults:5)
  32 vault guards
  9 boulder beetles
  The ghost of p0werm0de the Severer, a journeyman MiCK of Xom (D:9)
  5 peacekeepers
  7 great orbs of eyes
  18 hydras
  14 naga warriors
  2 jorogumos
  2 ogre magi (Vaults:5)
  4 catoblepae
  4 salamander tyrants
  6 ironbound frosthearts
  21 centaur warriors
  23 death yaks
  19 anacondas
  2 death knights (Vaults:2)
  7 two-headed ogres
  22 dancing weapons
  A deep troll earth mage (Vaults:5)
  6 tengu warriors
  5 orc high priests (Orc:2)
  11 shock serpents
  9 naga sharpshooters
  13 deep elf knights
  6 pharaoh ants
  9 salamander mystics (Snake:4)
  A sun moth (Lair:4)
  3 skeletal warriors (D:15)
  10 steelbarb worms
  The ghost of melvinkitnick the Covert, a novice SpEn of Wu Jian (D:7)
  20 orb spiders
  A steelbarb worm (shapeshifter) (Vaults:5)
  31 deep trolls
  12 deep elf archers
  A glowing orange brain (Vaults:1)
  7 lindwurms
  9 naga ritualists
  5 phantasmal warriors (Vaults:5)
  16 ironbound convokers
  31 deep elf pyromancers
  The ghost of bmj180 the Cleaver, a novice HOFi of Okawaru (D:5)
  11 wizards
  A lindwurm (shapeshifter) (Vaults:5)
  2 orc sorcerers
  A shining eye (shapeshifter) (Vaults:5)
  17 orc knights
  8 mana vipers
  A necromancer (D:14)
  The ghost of incide the Blocker, a novice GnWn (D:5)
  11 cyclopes
  36 ugly things
  3 manticores
  18 salamanders
  23 deep elf zephyrmancers
  A moth of wrath (Spider:4)
  36 wolf spiders
  7 shining eyes
  An elephant (shapeshifter) (Vaults:5)
  16 vault sentinels
  9 guardian serpents
  25 elephants
  15 naga magi
  An ice statue (IceCv)
  48 black mambas
  5 torpor snails
  A torpor snail (shapeshifter) (Vaults:5)
  3 gargoyles
  15 cane toads
  An eye of devastation (shapeshifter) (Vaults:5)
  2 eyes of devastation
  2 unseen horrors
  6 rime drakes
  18 demonic crawlers
  12 komodo dragons
  A kobold demonologist (D:11)
  2 efreet
  Maggie (D:6)
  4 tengu conjurers
  A freezing wraith (Vaults:5)
  56 yaktaurs
  19 meliai
  20 polar bears
  A komodo dragon (shapeshifter) (Vaults:5)
  6 trolls
  9 hornets
  Grinder (D:3)
  3 dream sheep (Lair:2)
  80 slime creatures
  27 tarantellas
  33 jumping spiders
  A snapping turtle (shapeshifter) (Vaults:5)
  18 blink frogs
  2 shadows
  17 culicivoras
  3 wraiths
  A spriggan (shapeshifter) (Vaults:5)
  2 water elementals
  3 air elementals
  Sigmund (D:5)
  6 basilisks
  3 wyverns
  3 fire elementals
  5 hogs (D:13)
  82 yaks
  A golden eye (shapeshifter) (Vaults:5)
  49 redbacks
  24 vampire mosquitoes
  4 acid dragons
  42 nagas
  8 wargs
  14 water moccasins
  A swamp drake (D:9)
  A floating eye (Slime:4)
  50 orc warriors
  4 ice beasts (D:9)
  A sky beast (D:8)
  4 black bears
  5 ogres
  7 centaurs
  27 wolves
  4 boggarts
  A phantom (D:7)
  13 kobold brigands
  A gnoll sergeant (D:11)
  A water moccasin zombie (D:5)
  17 bullfrogs
  2 earth elementals
  2 scorpions
  A hornet simulacrum (D:9)
  A human simulacrum (Vaults:3)
  A water moccasin skeleton (D:5)
  4 electric eels
  2 howler monkeys
  4 centaur zombies
  A centaur skeleton (D:5)
  35 orc priests
  Crazy Yiuf (D:4)
  4 hounds
  3 bullfrog skeletons (D:5)
  Terence (D:2)
  4 iguanas
  27 orc wizards
  A killer bee zombie (D:8)
  A howler monkey zombie (D:5)
  A killer bee simulacrum (D:9)
  3 gnolls (D:3)
  6 adders
  A shadow imp (D:7)
  2 howler monkey simulacra (D:9)
  3 white imps
  2 worms
  3 dart slugs
  88 orcs
  10 ball pythons
  6 endoplasms
  5 giant cockroaches
  9 goblins
  9 hobgoblins
  2 jackals (D:5)
  4 quokkas
  4 bats
  4 frilled lizards
  8 kobolds
  11 rats
  A butterfly (Lair:6)
1965 creatures vanquished.

Vanquished Creatures (others)
  A deep elf knight (Elf:2)
  A wizard (Vaults:3)
  A salamander (Snake:3)
  A wolf spider (Spider:3)
  2 jumping spiders
  A culicivora (Spider:4)
  2 orc wizards
  An orc (Vaults:5)
  22 fungi
  32 plants
64 creatures vanquished.

Grand Total: 2029 creatures vanquished

Notes
Turn   | Place    | Note
-------+----------+-------------------------------------------
     0 | D:1      | vineage the Minotaur Gladiator began the quest for the Orb.
     0 | D:1      | Reached XP level 1. HP: 18/18 MP: 0/0
   305 | D:1      | Reached XP level 2. HP: 26/26 MP: 1/1
  1157 | D:2      | Reached XP level 3. HP: 30/34 MP: 2/2
  1383 | D:2      | Reached skill level 5 in Fighting
  1621 | D:2      | Noticed Terence
  1631 | D:2      | Killed Terence
  1632 | D:2      | Reached XP level 4. HP: 19/42 MP: 3/3
  2407 | D:2      | Identified a scroll of acquirement
  2407 | D:2      | Acquired the amulet "Keloggek" {RegenMP Rampage Fragile
                  | rPois rCorr}
  2814 | D:3      | Noticed Grinder
  2819 | D:3      | Killed Grinder
  2820 | D:3      | Reached XP level 5. HP: 53/53 MP: 4/4
  2820 | D:3      | Reached XP level 6. HP: 61/61 MP: 5/5
  3237 | D:3      | Found Supeg's Book Emporium.
  3804 | D:4      | Found a staircase to the Ecumenical Temple.
  3816 | Temple   | Entered the Ecumenical Temple
  3961 | Temple   | Became a worshipper of Warmaster Okawaru
  4136 | D:4      | Found a runed translucent door.
  4137 | D:4      | Noticed Crazy Yiuf
  4738 | D:4      | Killed Crazy Yiuf
  4813 | D:5      | Entered Level 5 of the Dungeon
  4872 | D:5      | Noticed Sigmund
  4883 | D:5      | Killed Sigmund
  4884 | D:5      | Reached XP level 7. HP: 68/71 MP: 6/6
  4909 | D:5      | Found a transporter.
  4912 | D:5      | Noticed bmj180's ghost (novice HOFi)
  4955 | D:5      | Found a transporter.
  4968 | D:5      | Reached skill level 10 in Fighting
  5155 | D:5      | Found an opulent altar of Gozag.
  5684 | D:5      | Gained mutation: You are agile. (Dex +2) [potion of
                  | mutation]
  5684 | D:5      | Gained mutation: Your natural rate of healing is unusually
                  | fast. [potion of mutation]
  5767 | D:5      | Reached XP level 8. HP: 61/82 MP: 7/7
  5774 | D:5      | Killed bmj180's ghost
  5774 | D:5      | Reached * piety under Okawaru
  5777 | D:5      | Reached ** piety under Okawaru
  5863 | D:6      | Noticed a hornet
  5868 | D:6      | Paralysed by a hornet for 1 turns
  5872 | D:6      | Killed a hornet
  6000 | D:6      | Found a runed translucent gate.
  6001 | D:6      | Found a runed translucent gate.
  6002 | D:6      | Found a runed translucent gate.
  6007 | D:6      | Noticed incide's ghost (novice GnWn)
  6049 | D:5      | Reached XP level 9. HP: 89/95 MP: 8/8
  6122 | D:5      | Killed incide's ghost
  6122 | D:5      | Reached *** piety under Okawaru
  6123 | D:5      | Reached skill level 15 in Fighting
  6304 | D:6      | Noticed Maggie
  6319 | D:6      | Killed Maggie
  6394 | D:6      | Noticed a manticore
  6444 | D:5      | Killed a manticore
  6444 | D:5      | Reached **** piety under Okawaru
  6445 | D:5      | Reached XP level 10. HP: 62/110 MP: 9/9
  6854 | D:7      | Reached skill level 1 in Armour
  6903 | D:7      | Found a runed translucent door.
  7318 | D:7      | Noticed melvinkitnick's ghost (novice SpEn)
  7379 | D:7      | Killed melvinkitnick's ghost
  7380 | D:7      | Reached skill level 5 in Maces & Flails
  7766 | D:7      | Reached skill level 5 in Armour
  8443 | D:8      | Noticed a deep troll
  8443 | D:8      | Noticed a deep troll
  8443 | D:8      | Noticed a deep troll
  8479 | D:7      | Killed a deep troll
  8479 | D:7      | Reached ***** piety under Okawaru
  8534 | D:7      | Killed a deep troll
  8534 | D:7      | Received a gift from Okawaru
  8535 | D:7      | Reached XP level 11. HP: 54/116 MP: 10/10
  8747 | D:8      | Killed a deep troll
  8798 | D:8      | Found the amulet of Vitality {Regen+ HP+15}
  8893 | D:8      | Noticed a deep troll
  8905 | D:8      | Killed a deep troll
  9055 | D:9      | Found a sacrificial altar of Ru.
  9372 | D:9      | Noticed p0werm0de's ghost (journeyman MiCK)
  9416 | D:9      | Found a runed translucent gate.
  9416 | D:9      | Found a runed translucent gate.
  9416 | D:9      | Found a runed translucent gate.
  9679 | D:9      | Found a staircase to the Orcish Mines.
  9710 | D:9      | Identified the +0 pair of gloves "Lohat" {Will+} (Okawaru
                  | gifted it to you on level 9 of the Dungeon)
  9710 | D:9      | Received a gift from Okawaru
  9890 | D:9      | Killed p0werm0de's ghost
  9891 | D:9      | Reached skill level 10 in Maces & Flails
 10018 | D:10     | Entered Level 10 of the Dungeon
 10115 | D:10     | Reached skill level 10 in Armour
 10482 | D:10     | Identified the +2 pair of gloves of Thoughtfulness {Int+3}
 10521 | D:10     | Found a staircase to the Lair.
 11193 | D:11     | Found a blossoming altar of Fedhas.
 11213 | D:11     | Noticed a two-headed ogre
 11222 | D:11     | Killed a two-headed ogre
 11223 | D:11     | Reached skill level 1 in Invocations
 11223 | D:11     | Reached XP level 12. HP: 90/124 MP: 10/12
 11289 | D:11     | Noticed a two-headed ogre
 11539 | D:11     | Noticed a boulder beetle
 11619 | D:11     | Reached skill level 5 in Dodging
 11628 | D:11     | Killed a boulder beetle
 11732 | D:11     | Noticed a two-headed ogre
 11740 | D:11     | Killed a two-headed ogre
 11740 | D:11     | Identified the +3 scale mail "Qujaot" {Int-5 Dex+4 SInv}
                  | (Okawaru gifted it to you on level 11 of the Dungeon)
 11740 | D:11     | Received a gift from Okawaru
 11893 | D:11     | Noticed a two-headed ogre
 11894 | D:11     | Noticed a two-headed ogre
 11911 | D:11     | Killed a two-headed ogre
 11912 | D:11     | Reached skill level 5 in Invocations
 11914 | D:11     | Killed a two-headed ogre
 11956 | D:11     | Found a runed translucent door.
 11959 | D:11     | Noticed p0werm0de's ghost (journeyman DsCK)
 12129 | D:11     | Noticed a boulder beetle
 12160 | D:11     | Killed a boulder beetle
 12161 | D:11     | Reached skill level 1 in Shields
 12194 | D:11     | Killed a two-headed ogre
 12262 | D:11     | Killed p0werm0de's ghost
 12338 | Lair:1   | Entered Level 1 of the Lair of Beasts
 12340 | Lair:1   | Noticed a six-headed hydra
 12349 | Lair:1   | Killed a six-headed hydra
 12427 | Lair:1   | Noticed a five-headed hydra
 12434 | Lair:1   | Killed a five-headed hydra
 12620 | Lair:1   | Noticed an eight-headed hydra
 12621 | Lair:1   | Noticed a six-headed hydra
 12646 | Lair:1   | Killed a six-headed hydra
 12651 | Lair:1   | Killed an eight-headed hydra
 12652 | Lair:1   | Reached XP level 13. HP: 108/130 MP: 17/17
 12686 | Lair:1   | Received a gift from Okawaru
 12940 | Lair:1   | Reached skill level 5 in Shields
 12943 | Lair:1   | Reached ****** piety under Okawaru
 13190 | Lair:2   | Received a gift from Okawaru
 13478 | Lair:2   | Reached skill level 10 in Dodging
 13625 | Lair:2   | Received a gift from Okawaru
 14239 | Lair:3   | Identified the +8 ice dragon scales "Paanwic" {rF- rC++
                  | Int+4} (Okawaru gifted it to you on level 3 of the Lair of
                  | Beasts)
 14239 | Lair:3   | Received a gift from Okawaru
 15167 | Lair:3   | Reached XP level 14. HP: 111/140 MP: 19/19
 15658 | Lair:4   | Found a hole to the Spider Nest.
 15749 | Lair:4   | Found a staircase to the Snake Pit.
 16197 | Lair:4   | Reached skill level 10 in Shields
 16244 | Lair:5   | Found a frozen archway.
 16489 | Lair:5   | Received a gift from Okawaru
 16489 | Lair:5   | Found the +0 mask of the Dragon {Will+ Slay+3 SInv}
 16512 | IceCv    | Entered an ice cave
 16820 | IceCv    | Noticed a frost giant
 16862 | IceCv    | Killed a frost giant
 17502 | Lair:5   | Reached skill level 15 in Maces & Flails
 17574 | Lair:5   | Noticed Snorg
 17586 | Lair:5   | Killed Snorg
 17621 | Lair:5   | Reached XP level 15. HP: 152/152 MP: 20/20
 18289 | Lair:6   | Entered Level 6 of the Lair of Beasts
 18338 | Lair:6   | Identified the +4 triple sword "Xuliheosuzi" {protect,
                  | Str+2 Dex+2} (Okawaru gifted it to you on level 6 of the
                  | Lair of Beasts)
 18338 | Lair:6   | Received a gift from Okawaru
 18484 | Lair:6   | Found a viscous altar of Jiyva.
 18484 | Lair:6   | Found a staircase to the Slime Pits.
 18519 | Lair:6   | Noticed Nessos
 18532 | Lair:6   | Killed Nessos
 19350 | Lair:6   | Received a gift from Okawaru
 19820 | Orc:1    | Entered Level 1 of the Orcish Mines
 20370 | Orc:2    | Entered Level 2 of the Orcish Mines
 20407 | Orc:2    | Found a staircase to the Elven Halls.
 20782 | Orc:2    | Found Juhiprick's Weapon Emporium.
 21397 | Orc:2    | Identified the +0 crystal plate armour "Nuichirch" {Will+}
                  | (Okawaru gifted it to you on level 2 of the Orcish Mines)
 21397 | Orc:2    | Received a gift from Okawaru
 21748 | Orc:2    | Found Ovefo's Book Shoppe.
 21751 | Orc:2    | Found Rudebrea's Antique Armour Emporium.
 21752 | Orc:2    | Found Aloitaen's Weapon Shoppe.
 21753 | Orc:2    | Found Fyicw's Assorted Antiques.
 21759 | Orc:2    | Bought a potion of heal wounds for 180 gold pieces
 21776 | Orc:2    | Bought a smoking ring mail for 297 gold pieces
 21776 | Orc:2    | Identified the +1 ring mail "Eheuddob" {-Cast Rampage rF+}
                  | (You bought it in a shop on level 2 of the Orcish Mines)
 22036 | D:12     | Reached XP level 16. HP: 136/167 MP: 21/21
 22792 | D:13     | Noticed Kirke
 22834 | D:13     | Killed Kirke
 23280 | D:14     | Identified the +1 ring mail of Shielding {Will+} (Okawaru
                  | gifted it to you on level 14 of the Dungeon)
 23280 | D:14     | Received a gift from Okawaru
 23324 | D:14     | Found a broken altar of Ashenzari.
 23327 | D:14     | Found a bloodstained altar of Trog.
 23327 | D:14     | Found a shimmering blue altar of Sif Muna.
 23329 | D:14     | Found a white marble altar of Elyvilon.
 23329 | D:14     | Found a shimmering altar of Xom.
 23329 | D:14     | Found a burning altar of Makhleb.
 23774 | D:14     | Found a gate to the Vaults.
 23841 | D:14     | Found Uvaenat's Assorted Antiques.
 24149 | D:15     | Entered Level 15 of the Dungeon
 24386 | D:15     | Noticed Rupert
 24402 | D:15     | Killed Rupert
 24905 | D:15     | Found a staircase to the Depths.
 25286 | Spider:1 | Entered Level 1 of the Spider Nest
 25576 | Spider:1 | Received a gift from Okawaru
 25831 | Lair:4   | Reached XP level 17. HP: 94/171 MP: 22/22
 26929 | Spider:2 | Received a gift from Okawaru
 27487 | Spider:2 | Identified the +4 pair of gloves of Exclusion {-Tele +Inv
                  | rC+++ Str-2} (Okawaru gifted it to you on level 2 of the
                  | Spider Nest)
 27487 | Spider:2 | Received a gift from Okawaru
 30247 | Spider:3 | Identified the +8 hand axe of Tatygan {vorpal, Str+3 Dex+2}
                  | (Okawaru gifted it to you on level 3 of the Spider Nest)
 30247 | Spider:3 | Received a gift from Okawaru
 30582 | Spider:4 | Entered Level 4 of the Spider Nest
 30785 | Spider:4 | Reached XP level 18. HP: 72/182 MP: 23/23
 31011 | Spider:4 | Reached skill level 15 in Armour
 31144 | Spider:4 | Identified the +10 hand crossbow of Eternal Night {venom,
                  | rElec Will+} (Okawaru gifted it to you on level 4 of the
                  | Spider Nest)
 31144 | Spider:4 | Received a gift from Okawaru
 32136 | Spider:4 | Reached skill level 15 in Shields
 32263 | Spider:4 | Got a gossamer rune of Zot
 32380 | Snake:1  | Entered Level 1 of the Snake Pit
 32592 | Snake:1  | Identified the +5 ring mail of Xodotal {Int+3} (Okawaru
                  | gifted it to you on level 1 of the Snake Pit)
 32592 | Snake:1  | Received a gift from Okawaru
 34845 | Snake:3  | Reached XP level 19. HP: 158/191 MP: 21/24
 35858 | Snake:3  | Noticed Mlioglotl
 35878 | Snake:3  | Killed Mlioglotl
 35941 | Snake:3  | Found Tudaec's Jewellery Emporium.
 35941 | Snake:3  | Found Jogexkij's Book Shop.
 35942 | Snake:3  | Found Borajip's Book Shop.
 36187 | Snake:4  | Entered Level 4 of the Snake Pit
 36441 | Snake:4  | Identified the +14 crystal plate armour of the Demon Prince
                  | {rF+ Slay+2} (Okawaru gifted it to you on level 4 of the
                  | Snake Pit)
 36441 | Snake:4  | Received a gift from Okawaru
 37531 | Snake:4  | Got a serpentine rune of Zot
 38061 | Vaults:1 | Entered Level 1 of the Vaults
 38279 | Vaults:1 | Received a gift from Okawaru
 38692 | Vaults:1 | Found Ramynedgh's Distillery.
 38714 | Vaults:1 | Bought a potion of curing for 48 gold pieces
 38714 | Vaults:1 | Bought a potion of curing for 48 gold pieces
 38714 | Vaults:1 | Bought a potion of curing for 48 gold pieces
 38714 | Vaults:1 | Bought a potion of curing for 48 gold pieces
 38714 | Vaults:1 | Bought a potion of curing for 48 gold pieces
 38714 | Vaults:1 | Bought a potion of might for 64 gold pieces
 38830 | Vaults:1 | Identified the +3 pair of gloves of Dramatic Exits {Drain
                  | rElec Will+ Dex+6} (Okawaru gifted it to you on level 1 of
                  | the Vaults)
 38830 | Vaults:1 | Received a gift from Okawaru
 38887 | Vaults:1 | Reached XP level 20. HP: 200/202 MP: 25/25
 38903 | Vaults:1 | Noticed Asterion
 38918 | Vaults:1 | Killed Asterion
 40407 | Vaults:2 | Found a staircase to the Crypt.
 40465 | Vaults:2 | Found Pookk's Antique Armour Shop.
 41095 | Vaults:2 | Received a gift from Okawaru
 41924 | Vaults:3 | Identified the +0 scale mail of Utoj {Int+2 Slay+3}
                  | (Okawaru gifted it to you on level 3 of the Vaults)
 41924 | Vaults:3 | Received a gift from Okawaru
 42239 | Vaults:3 | Reached XP level 21. HP: 186/213 MP: 26/26
 44044 | Vaults:4 | Received a gift from Okawaru
 44335 | Vaults:5 | Entered Level 5 of the Vaults
 44349 | Vaults:4 | Received a gift from Okawaru
 44469 | Vaults:5 | Noticed an ancient lich
 44481 | Vaults:5 | HP: 6/215 [vault guard (14)]
 44495 | Vaults:4 | Killed an ancient lich
 44967 | Vaults:5 | Reached XP level 22. HP: 202/224 MP: 27/27
 45131 | Vaults:5 | Received a gift from Okawaru
 45161 | Vaults:5 | Noticed a golden dragon
 45171 | Vaults:5 | Killed a golden dragon
 45423 | Vaults:5 | Received a gift from Okawaru
 45496 | Vaults:5 | Found Wejariz's Distillery.
 45501 | Vaults:5 | Bought a potion of haste for 170 gold pieces
 45501 | Vaults:5 | Bought a potion of heal wounds for 85 gold pieces
 45576 | Vaults:5 | Identified the +10 plate armour of Bad Feelings {rElec
                  | rPois rC++}
 45838 | Vaults:5 | Identified the +4 pair of gloves of the Other World {Regen+
                  | Str+2 Int-4}
 45935 | Vaults:5 | Found Xosimewi's Magic Scroll Shop.
 45940 | Vaults:5 | Bought a scroll of magic mapping for 73 gold pieces
 45940 | Vaults:5 | Bought a scroll of teleportation for 63 gold pieces
 46074 | Vaults:5 | Identified the +1 leather armour "Yplamegg" {rCorr Slay+2}
 46095 | Vaults:5 | Got a silver rune of Zot
 46600 | Elf:1    | Entered Level 1 of the Elven Halls
 46619 | Elf:1    | Found a radiant altar of Vehumet.
 46644 | Elf:1    | Paralysed by an air elemental for 1 turns
 46712 | Elf:1    | Identified the +0 scale mail of Jim Ymn {*Slow rElec rN+}
                  | (Okawaru gifted it to you on level 1 of the Elven Halls)
 46712 | Elf:1    | Received a gift from Okawaru
 46979 | Elf:1    | Identified the +1 pair of gloves "Gypramn" {Will+}
 47252 | Elf:1    | Paralysed by an air elemental for 1 turns
 47836 | Elf:2    | Found Ijeizioh's Magic Scroll Emporium.
 47836 | Elf:2    | Paralysed by an air elemental for 1 turns
 47912 | Elf:2    | Bought a scroll of blinking for 127 gold pieces
 47912 | Elf:2    | Bought a scroll of teleportation for 51 gold pieces
 47912 | Elf:2    | Bought a scroll of teleportation for 51 gold pieces
 47912 | Elf:2    | Bought a scroll of blinking for 127 gold pieces
 48195 | Elf:2    | Found a runed translucent gate.
 48195 | Elf:2    | Found a runed translucent gate.
 48196 | Elf:2    | Found a runed translucent gate.
 48590 | Elf:3    | Entered Level 3 of the Elven Halls
 48666 | Elf:3    | Identified the +7 scale mail of Refobar {rF- rCorr Str+3}
                  | (Okawaru gifted it to you on level 3 of the Elven Halls)
 48666 | Elf:3    | Received a gift from Okawaru
 48685 | Elf:3    | Reached XP level 23. HP: 236/236 MP: 28/28
 48831 | Elf:3    | Found Moade's Armour Boutique.
 48831 | Elf:3    | Noticed Aizul
 48847 | Elf:3    | Killed Aizul
 49277 | Elf:3    | Identified the +9 quarterstaff of the Dripping Asp {speed,
                  | Str+3}
 49326 | Elf:3    | Identified the +1 lajatang of Kaqu {pain, rF+}
 49765 | Elf:3    | Got the Volume of the Birds
 49770 | Elf:3    | Identified the +6 dagger "Seppi" {flame, Drain rF+ Str+7}
 49799 | Elf:3    | Identified the +3 morningstar of Res Nullius {holy, rPois
                  | rF++ Will+ Dex-4}
 49799 | Elf:3    | Identified the ring "Wofovvar" {rElec Int+4 Slay+2 SInv}
 50238 | Slime:1  | Entered Level 1 of the Pits of Slime
 50240 | Slime:1  | Gained mutation: You are very agile. (Dex +4) [a shining
                  | eye]
 50293 | Slime:1  | Gained mutation: You are dopey. (Int -2) [a shining eye]
 50302 | Slime:1  | Reached skill level 1 in Stealth
 50308 | Slime:1  | Gained mutation: You sometimes lose the ability to read
                  | scrolls when taking damage. [a shining eye]
 50311 | Slime:1  | Lost mutation: You are very agile. (Dex +4) [a shining eye]
 50313 | Slime:1  | Reached skill level 1 in Evocations
 51317 | Slime:3  | Gained mutation: You are weak. (Str -2) [a shining eye]
 51322 | Slime:3  | Gained mutation: You occasionally shout uncontrollably at
                  | your foes. [a shining eye]
 51377 | Slime:3  | Reached skill level 15 in Dodging
 51730 | Slime:4  | Gained mutation: You frequently scream uncontrollably at
                  | your foes. [a shining eye]
 51732 | Slime:4  | Gained mutation: You have hidden genetic defects. [a
                  | shining eye]
 51738 | Slime:4  | Lost mutation: You have hidden genetic defects. [a shining
                  | eye]
 51739 | Slime:4  | Gained mutation: You expend magic power (3 MP) to
                  | strengthen your wands. [a shining eye]
 51898 | Slime:5  | Entered Level 5 of the Pits of Slime
 51987 | Slime:5  | Noticed the Royal Jelly
 52066 | Slime:5  | Paralysed by a floating eye for 4 turns
 52069 | Slime:5  | HP: 2/236 [rockslime[the Royal Jelly] (20)]
 52070 | Slime:5  | Drowned by a quicksilver ooze

Illustrated notes

Levels and vault maps discovered:
D:1:      dpeg_arrival_prison, layout_basic, kennysheep_nondescript,
          minmay_misc_feat_columns, nrook_loot_triangle, minmay_misc_feat_rugged
D:2:      layout_loops_cross, serial_bayou_ford_a, dk_vineyard_2,
          kennysheep_doodads, minmay_hexomino_f4, uniq_terence
D:3:      layout_basic, serial_shops, nicolae_shop_behind_doors,
          minmay_shallow_snake_nest, uniq_grinder
D:4:      layout_loops_corners, minmay_temple_entry_junction,
          kennysheep_generic_room_5, uniq_crazy_yiuf_cottage
D:5:      layout_cave_pools, general_overflow_altar, gammafunk_ghost_mausoleum,
          uniq_sigmund
D:6:      layout_cave_pools, gammafunk_ghost_nasty_kobolds, uniq_maggie
D:7:      layout_cave_pools, ebering_ghost_reflecting_pool
D:8:      layout_cave_pools, hellmonk_guarded_unrand_vitality_bloodlust
D:9:      layout_big_octagon, mainiacjoe_overflow_cross_hatched, erik_orc_1,
          gammafunk_ghost_icy
D:10:     layout_loops_ring, david_lair_generic
D:11:     minmay_s_stair_smasher, layout_loops_ring,
          ebering_ghost_reflecting_pool, fedhas_ov_isle_minmay
D:12:     minmay_bloctagon, layout_cave_pools, serial_column_ruins,
          column_ruins_columns_straight, column_ruins_grid_1,
          column_ruins_columns_straight, column_ruins_open_medium,
          column_ruins_grid_3
D:13:     layout_rooms, chequers_serial_rivers_micro_d, st_stairs_1, uniq_kirke
D:14:     layout_loops_ring, david_vaults_1, serial_glass, glass_columns_a,
          glass_columns_b, chequers_serial_rivers_large_a, serial_shops, shop,
          doesnt_xom_only_xom
D:15:     hangedman_depths_entry_civil_slaughter, layout_long_grid,
          grunt_decor_one_mirror, dk_noncrumbling_3, uniq_rupert
Temple:   mainiacjoe_temple_big_plus
Lair:1:   layout_cave_shapes
Lair:2:   nzn_winding_woodlands_large [nzn_winding_woodlands_hourglass,
          nzn_winding_woodlands_5x15_default,
          nzn_winding_woodlands_5x5_closed_star,
          nzn_winding_woodlands_center_pierced_h,
          nzn_winding_woodlands_15x15_eel_pit,
          nzn_winding_woodlands_center_diamonds,
          nzn_winding_woodlands_5x5_open_star,
          nzn_winding_woodlands_5x15_zeroes, nzn_winding_woodlands_5x5_cross],
          layout_chaotic_city, gauntlet_entry_generic, minmay_hedge_maze
Lair:3:   layout_loops_ring, grunt_megastairs_1
Lair:4:   layout_big_grid, minmay_snake_entry_six_corridors,
          spider_nest_entry_rubble, lemuel_fruit_tree, serial_bayou_shore_a
Lair:5:   layout_regular_city, portal_ice_cave_entry_pillars_1,
          serial_bayou_pond_d, grunt_megastairs_5, infiniplex_staircase_pool_2,
          uniq_snorg
Lair:6:   evilmike_catoblepas_cave, layout_gridlike, slime_altar_1,
          lemuel_fruit_fields, uniq_nessos
Snake:1:  cheibrodos_snake_ritualist_ritual, layout_grid_maze
Snake:2:  layout_cave_shapes
Snake:3:  layout_layer_cave, minmay_shop_grove, uniq_mlioglotl
Snake:4:  johnstein_snake_rune_scales, layout_cave_town
Spider:1: layout_spider_delve, nicolae_crawler_farm
Spider:2: nicolae_spider_hilbert_zone_7 [nicolae_spider_hilbert_4_sides_1_open,
          nicolae_spider_hilbert_4_sides_1_open,
          nicolae_spider_hilbert_4_sides_1_open,
          nicolae_spider_hilbert_4_sides_1_open,
          nicolae_spider_hilbert_3_sides_1_open,
          nicolae_spider_hilbert_3_sides_1_open,
          nicolae_spider_hilbert_3_sides_1_open,
          nicolae_spider_hilbert_3_sides_1_open,
          nicolae_spider_hilbert_4_sides_1_open,
          nicolae_spider_hilbert_4_sides_1_open,
          nicolae_spider_hilbert_4_sides_1_open,
          nicolae_spider_hilbert_2_sides_1_open,
          nicolae_spider_hilbert_2_sides_1_open,
          nicolae_spider_hilbert_2_sides_1_open,
          nicolae_spider_hilbert_2_sides_1_open,
          nicolae_spider_hilbert_2_sides_1_open,
          nicolae_spider_hilbert_2_sides_1_open]
Spider:3: cheibrodos_spider_silkery
Spider:4: spider_rune_water
Slime:1:  nicolae_slime_pool, layout_caves
Slime:2:  layout_caves
Slime:3:  layout_caves
Slime:4:  layout_caves
Slime:5
Orc:1:    layout_caves, basic_altar, mines5_lemuel
Orc:2:    st_orc_pillars, layout_diamond_mine, basic_altar, serial_shops,
          nicolae_shop_bloodbath_and_beyond
Elf:1:    eino_elf_arrival_altar, layout_loops_corners,
          kennysheep_underground_church
Elf:2:    nicolae_elf_blades_splatter_lattice [infiniplex_blade_entry_pillars],
          layout_gridlike, serial_glass, glass_columns_a, glass_columns_c,
          serial_shops, shop_fountains, st_stairs_3
Elf:3:    minmay_elf_hall_statues, layout_geoelf_diagonals, serial_shops,
          nicolae_shop_waterfront, drop_trap, uniq_aizul
Vaults:1: nicolae_vaults_quadrants, grunt_vaults_hallway_long,
          nicolae_vaults_big_ls, vaults_room_hallway, nicolae_vaults_rhombus_6,
          v_alt_pattern_6, hangedman_vaults_stretched_pinwheel, v_misc_4,
          v_pattern_1, nicolae_vaults_yaktaur_gun_rack, grunt_vaults_focal,
          dpeg_vaults_monster_box, nicolae_vaults_diagonal_hallway_7,
          vaults_dpeg_encased_lava, layout_vaults_ring, serial_shops,
          nicolae_shop_advertising_works [nicolae_subvault_shop_adworks],
          uniq_asterion
Vaults:2: ontoclasm_vaults_ring_large, st_squares, blue_anna_dwarven_crypt,
          ontoclasm_vaults_shuriken, vaults_dpeg_spiral, v_misc_2,
          hangedman_vaults_nodes, v_alt_pattern_5,
          nicolae_vaults_big_angled_halls, nicolae_vaults_network_star,
          vaults_dpeg_cross, ontoclasm_vaults_pinch,
          vaults_standard_mumra_enter_the_diamond, layout_vaults_maze,
          serial_shops, shop
Vaults:3: hangedman_vaults_stagger, v_misc_4, ontoclasm_vaults_shout,
          hangedman_vaults_locks, vaults_room_fancy_cross, v_rooms_6,
          nicolae_vaults_three_branches, v_rooms_4, serial_ice_h,
          vaults_room_semicircle, layout_vaults_omnibox
Vaults:4: grunt_vaults_swirl, v_misc_16, v_rooms_5, vaults_room_fancy_cross,
          grunt_vaults_funnel, layout_vaults_omnigrid
Vaults:5

Skill      XL: |  1  2  3  4  5  6  7  8  9 10 11 12 13 14 15 16 17 18 19 20 21 22 23 |
---------------+----------------------------------------------------------------------+-----
Fighting       | 3 4 5 8 9 11 14 16 17 19 21 22 23 24 25 | 25.9
Armour         | 7 11 12 14 16 18 19 20 21 22 | 22.1
Maces & Flails | 8 11 12 15 18 20 21 22 23 24 25 | 25.4
Dodging        | 4 8 10 11 13 14 15 | 15.1
Invocations    | 1 7 8 9 |  9.6
Shields        | 4 8 10 11 14 16 17 18 20 21 | 21.8
Stealth        | 3 |  3.3
Evocations     | 3 |  3.4
Throwing       | |  2.0

Action                   |  1- 3 |  4- 6 |  7- 9 | 10-12 | 13-15 | 16-18 | 19-21 | 22-24 || total
-------------------------+-------+-------+-------+-------+-------+-------+-------+-------++-------
Melee: Flail             |    75 |    82 |       |       |       |       |       |       ||   157
       Headbutt          |    10 |    15 |    46 |   230 |   624 |   772 |   874 |   420 ||  2991
       Punch             |     1 |       |     4 |    18 |       |       |       |       ||    23
       Mace              |       |     6 |   190 |   801 |  2052 |  2400 |  1437 |       ||  6886
       Morningstar       |       |       |       |       |       |       |   890 |  1178 ||  2068
Invok: Heroism           |       |       |     4 |    23 |    20 |    42 |    30 |    11 ||   130
       Finesse           |       |       |       |     1 |     1 |    10 |    17 |     7 ||    36
  Use: Scroll            |       |    10 |     3 |    15 |     5 |     4 |     3 |       ||    40
       Potion            |       |     3 |     2 |     1 |     1 |     1 |     5 |       ||    13
 Stab: Sleeping          |       |     1 |       |       |       |       |       |       ||     1
       Petrified         |       |       |       |       |    11 |       |       |       ||    11
       Distracted        |       |       |       |       |     1 |     1 |       |       ||     2
Armor: Leather armour    |    17 |    12 |    40 |       |       |       |       |       ||    69
       Skin              |       |       |    64 |       |       |       |       |       ||    64
       Plate armour      |       |       |    99 |   441 |       |       |       |       ||   540
       Scale mail        |       |       |       |    94 |   127 |       |       |       ||   221
       Ice dragon scales |       |       |       |       |   673 |   830 |       |       ||  1503
       Gold dragon scale |       |       |       |       |       |   148 |    61 |       ||   209
       Crystal plate arm |       |       |       |       |       |       |   712 |   261 ||   973
Dodge: Dodged            |    60 |    70 |   120 |   325 |   873 |  1327 |   521 |   222 ||  3518
Block: Kite shield       |       |       |       |    94 |  1809 |  2577 |       |       ||  4480
       Tower shield      |       |       |       |       |       |    97 |  2432 |  1013 ||  3542

Table legend: (Time is in decaauts)
 A = Elapsed time spent in this place.
 B = Non-inter-level travel time spent in this place.
 C = Inter-level travel time spent in this place.
 D = Time resting spent in this place.
 E = Time spent auto-exploring this place.
 F = Levels seen in this place.
 G = Mean time per level.
                   A        B        C        D        E       F      G
               +--------+--------+--------+--------+--------+-----+--------+
         Total |  50339 |  46981 |   3358 |   6691 |  27725 |  46 | 1094.3 |
       Dungeon |  15863 |  14651 |   1212 |   1771 |   9828 |  15 | 1057.5 |
        Temple |    167 |    108 |     59 |      0 |    107 |   1 |  167.0 |
          Lair |   7350 |   6793 |    557 |    744 |   3927 |   6 | 1225.0 |
     Snake Pit |   5305 |   5121 |    184 |   1238 |   2516 |   4 | 1326.2 |
   Spider Nest |   6045 |   5812 |    233 |   1786 |   2345 |   4 | 1511.2 |
    Slime Pits |   1703 |   1626 |     77 |     58 |   1205 |   5 |  340.6 |
  Orcish Mines |   2011 |   1819 |    192 |    256 |    905 |   2 | 1005.5 |
   Elven Halls |   3265 |   2951 |    314 |    176 |   2100 |   3 | 1088.3 |
        Vaults |   7765 |   7238 |    527 |    519 |   4360 |   5 | 1553.0 |
      Ice Cave |    860 |    860 |      0 |    143 |    430 |   1 |  860.0 |
               +--------+--------+--------+--------+--------+-----+--------+

Top non-repeatable levels by time:
Spider:2: 2489 daAuts
Vaults:4: 1932 daAuts
  Lair:4: 1831 daAuts
Vaults:1: 1694 daAuts
Spider:4: 1620 daAuts
 Snake:3: 1556 daAuts
 Snake:4: 1554 daAuts
    D:11: 1449 daAuts
Vaults:2: 1439 daAuts
Vaults:3: 1397 daAuts
  Lair:6: 1383 daAuts
  Lair:3: 1345 daAuts
   Elf:3: 1323 daAuts
     D:5: 1322 daAuts
     D:2: 1314 daAuts
